 Dungeon Crawl Stone Soup version 0.31-a0-1010-g5322dac6a2 (webtiles) character file.

Game seed: 5752224592758373493

100 kae the Ruffian (level 4, -3/54 HPs)
             Began as a Demigod Shapeshifter on Nov 16, 2023.
             Succumbed to a kobold brigand's poison
             ... on level 6 of the Dungeon.
             The game lasted 00:02:06 (2444 turns).

kae the Ruffian (Demigod Shapeshifter)              Turns: 2444, Time: 00:02:06

Health: -3/54      AC: 22    Str: 19    XL:     4   Next: 23%
Magic:  6/6        EV:  2    Int: 12    God:
Gold:   106        SH:  0    Dex: 13    Spells: 3/3 levels left

rFire   . .          .
                       - Unarmed
rCold   . . .        (no shield)
rNeg    . . .        h - melded +2 robe {rF+}
rPois   +            (helmet currently unavailable)
rElec   .            (cloak currently unavailable)
rCorr   .            (gloves currently unavailable)
SInv    .            (boots currently unavailable)
Will    .....        (no amulet)
Stlth   +            (no ring)
HPRegen 0.29/turn    (no ring)
MPRegen 0.10/turn

%: no passive effects
@: lethally poisoned (-3 -> -20), tree-form
A: stationary, stasis, torment immunity, boosted hp, high MP 1, forlorn, divine
attributes
a: no special abilities


You were on level 6 of the Dungeon.
You were a tree.
You visited 1 branch of the dungeon, and saw 5 of its levels.

You collected 106 gold pieces.


Innate Abilities, Weirdness & Mutations

You are a tree.
Your roots penetrate the ground, keeping you stationary.
You cannot be teleported.
You are immune to unholy pain and torment.
Your maximum health is greatly increased.
Your equipment is partially melded.
You have an increased reservoir of magic. (+10% MP)
You shall have no god before yourself.
Your divine heritage dramatically boosts your attributes as you level up.


   Skills:
 + Level 1.7 Fighting
 + Level 2.3 Dodging
 * Level 3.5 Unarmed Combat
 * Level 3.4 Shapeshifting


You had 3 spell levels left.
You didn't know any spells.
Your spell library contained the following spells:

 Spells                   Type           Power      Damage    Failure   Level
 Magic Dart               Conj           0%         1d3       32%         1
 Searing Ray              Conj           0%         2d4       45%         2
 Hailstorm                Conj/Ice       0%         3d3       69%         3
 Fulminant Prism          Conj/Hex       0%         3d5       97%         4
 Summon Ice Beast         Ice/Summ       0%         N/A       97%         4
 Simulacrum               Ice/Necr       0%         N/A       100%        6

Inventory:

Missiles
 f - 15 stones
 i - 3 poisoned darts
Armour
 a - a +0 animal skin
 h - a +2 robe of fire resistance (melded)
   (You found it on level 1 of the Dungeon)
 q - a +0 hat
   (You found it on level 2 of the Dungeon)
 r - a +2 pair of boots
   (You found it on level 3 of the Dungeon)
Jewellery
 I - a +6 ring of intelligence
   (You found it on level 2 of the Dungeon)
Talismans
 c - a beast talisman
 d - a flux talisman (active)
Wands
 o - a wand of roots (12)
   (You found it on level 2 of the Dungeon)
Scrolls
 e - a scroll of blinking {!r}
 g - a scroll of teleportation {@r4}
 t - a scroll of immolation {!r!r}
Potions
 b - a potion of lignification {!q}
 k - a potion of cancellation {unknown}
 l - a potion of might {unknown}
 m - a potion of degeneration {unknown}
 n - 3 potions of heal wounds {unknown}

Dungeon Overview and Level Annotations

Branches:
Dungeon (7/15) Zot: 26945
 Temple: D:4-7

Shops:
D:2

( ... #.. #..
#.. #.# . #.#
##########.#...
..###..
#....#)♣KKK....
.......
#.....>###.....
.....KS
#.....## ...
......) #....##
. .....K.
#....# #......
#...[# #......
###.## #......
#.. ....... ##.
.......


You could see 3 kobolds.


Message History

You start resting. 😎 HP[+4]
Your hp is fully restored (23).
You climb upwards.
The kobold brigand hits you but does no damage.
You are poisoned.
There is a stone staircase leading down, spattered with blood here.
Unknown command.
Unknown command.
You hit the kobold brigand.
The kobold brigand begins to glow.
You feel very sick.
The kobold brigand hits you with a +1 dagger of venom.
You are lethally poisoned! 😮 HP[-6]
You take 6 damage, and now have 17/23 hp.
MASSIVE DAMAGE!! (PAUSE)
You hit the kobold brigand but do no damage.
The kobold brigand glows dangerously bright.
You feel very sick. 😮 HP[-3]
You take 3 damage, and now have 14/23 hp.
Unknown command.
* * * LOW HITPOINT WARNING * * *
You feel very sick. The kobold hits you but does no damage.
The kobold brigand hits you but does no damage.
Items here: )) ††. 😨 HP[-3]
You take 3 damage, and now have 11/23 hp.
You hit the kobold brigand but do no damage.
The kobold brigand shudders as magic cascades through it.
The kobold brigand twists and deforms.
* * * LOW HITPOINT WARNING * * *
You feel very sick. The kobold hits you with a +0 dagger.
* * * LOW HITPOINT WARNING * * *
The kobold brigand closely misses you. 😨 HP[-4]
You take 4 damage, and now have 7/23 hp.
You closely miss the kobold brigand.
* * * LOW HITPOINT WARNING * * *
You feel very sick. The kobold hits you with a +0 dagger.
* * * LOW HITPOINT WARNING * * *
The kobold brigand hits you but does no damage.
You are more poisoned. 😱 HP[-4]
You take 4 damage, and now have 3/23 hp.
You feel better. The kobold hits you with a +0 dagger.
* * * LOW HITPOINT WARNING * * *
The kobold brigand barely misses you. 😨 HP[+7]
You regained 7 hp, and now have 10/23 hp.
Your transformation has ended.
You turn into a tree.
Your +2 robe of fire resistance melds into your body.
You feel less resistant to fire.
Your roots penetrate the ground.
The kobold hits you but does no damage.
The kobold brigand hits you with a +1 dagger of venom.
* * * LOW HITPOINT WARNING * * *
😱 HP[+2]
You now have 54 max hp (+31).
You regained 2 hp, and now have 12/54 hp.
You closely miss the kobold brigand. The kobold hits you but does no damage.
The kobold brigand hits you but does no damage.
You barely miss the kobold brigand. The kobold hits you but does no damage.
The kobold brigand hits you but does no damage.
You are poisoned.
You hit the kobold brigand but do no damage.
You feel very sick. The kobold hits you but does no damage.
The kobold brigand hits you but does no damage.
You are lethally poisoned! 😱 HP[-2]
You take 2 damage, and now have 10/54 hp.
You smack the kobold brigand!
* * * LOW HITPOINT WARNING * * *
You feel very sick. The kobold hits you but does no damage.
The kobold brigand hits you but does no damage. 😱 HP[-4]
You take 4 damage, and now have 6/54 hp.
Unknown command.
You closely miss the kobold brigand.
* * * LOW HITPOINT WARNING * * *
You feel very sick.
The kobold hits you but does no damage. 😱 HP[-3]
You take 3 damage, and now have 3/54 hp.
You hit the kobold brigand.
* * * LOW HITPOINT WARNING * * *
You feel very sick.
The kobold brigand hits you but does no damage.
You are more poisoned.
The kobold completely misses you. 😱 HP[-2]
You take 2 damage, and now have 1/54 hp.
You smack the kobold brigand!
You kill the kobold brigand!
You die...

Skill      XL: |  1  2 |
---------------+-------+-----
Fighting       | 1 |  1.7
Dodging        | 2 |  2.3
Unarmed Combat | 3 |  3.5
Shapeshifting  | 3 |  3.4

Action                     |  1- 3 |  4- 6 || total
---------------------------+-------+-------++-------
  Melee: Unarmed           |   128 |    47 ||   175
         Punch             |     2 |     2 ||     4
    Use: Scroll            |     5 |     3 ||     8
         Potion            |       |     5 ||     5
 Armour: Animal skin       |    11 |       ||    11
         Robe              |    53 |    38 ||    91
         Skin              |       |    12 ||    12
  Dodge: Dodged            |    65 |    34 ||    99
   Form: Flux              |       |     1 ||     1

Levels and vault maps discovered:
D:1:      psy_arrival_conway, layout_loops_ring
D:2:      layout_basic, basic_altar, serial_shops, shop
D:3:      layout_rooms, basic_ecumenical_altar
D:6:      layout_rooms, kennysheep_mini_moat, gammafunk_ghost_grave,
          serial_glass, glass_columns_b, glass_columns_a
D:7:      layout_loops_ring, minmay_temple_entry_fiery

Notes
Turn   | Place    | Note
-------+----------+-------------------------------------------
     0 | D:1      | kae the Demigod Shapeshifter began the quest for the Orb.
     0 | D:1      | Reached XP level 1. HP: 15/15 MP: 3/3
     0 | D:1      | magus.rc [v1.11.3]
   112 | D:1      | Reached skill level 1 in Fighting
   462 | D:1      | Reached XP level 2. HP: 21/23 MP: 4/4
   776 | D:2      | You pick up a book of Conjurations and begin reading...
   776 | D:2      | You add the spells Magic Dart, Searing Ray and Fulminant
                  | Prism to your library.
   789 | D:2      | Reached skill level 2 in Dodging
   789 | D:2      | Reached skill level 3 in Unarmed Combat
   789 | D:2      | Reached skill level 3 in Shapeshifting
   950 | D:2      | Reached XP level 3. HP: 19/28 MP: 5/5
   998 | D:2      | Found Loumpoe's Weapon Boutique.
  1347 | D:2      | HP: 6/28 [adder (3)]
  1352 | D:2      | HP: 2/28 [poisoned by an adder]
  1874 | D:3      | HP: 6/29 [poisoned by an adder]
  1875 | D:3      | Reached XP level 4. HP: 8/36 MP: 6/6
  1879 | D:3      | HP: 3/36 [poisoned by an adder]
  2206 | D:3      | You pick up a book of the Tundra and begin reading...
  2206 | D:3      | You add the spells Hailstorm, Summon Ice Beast and
                  | Simulacrum to your library.
  2247 | D:3      | You fall into a shaft and drop 3 floors!
  2254 | D:6      | Noticed a kobold brigand
  2262 | D:6      | Noticed an orc warrior
  2263 | D:6      | Noticed a centaur
  2264 | D:6      | HP: 6/36 [centaur (4)]
  2266 | D:6      | HP: 2/36 [poisoned by a kobold brigand]
  2435 | D:6      | HP: 4/23 [poisoned by a kobold brigand]
  2440 | D:6      | HP: 10/54 [poisoned by a kobold brigand]
  2442 | D:6      | HP: 3/54 [poisoned by a kobold brigand]
  2443 | D:6      | HP: 1/54 [poisoned by a kobold brigand]
  2444 | D:6      | Killed a kobold brigand
  2444 | D:6      | Succumbed to a kobold brigand's poison

Vanquished Creatures
  A kobold brigand (D:6)
  5 adders
  2 worms (D:2)
  3 orcs
  7 endoplasms
  A giant cockroach (D:3)
  4 goblins
  5 hobgoblins
  5 quokkas
  A ball python (D:3)
  3 bats
  3 frilled lizards
  5 kobolds
  A rat (D:3)
46 creatures vanquished.

Table legend:
 A = Non-vault XP
 B = Vault XP
 C = Vault XP percentage of total XP
 D = Non-vault monster count
 E = Vault monster count
 F = Vault count percentage of total count
                 A         B        C        D         E       F
            +---------+---------+-------+---------+---------+-------
      Total |     247 |       0 |   0.0 |      46 |       0 |   0.0
            +---------+---------+-------+---------+---------+-------
        D:1 |      16 |       0 |   0.0 |       9 |       0 |   0.0
        D:2 |      82 |       0 |   0.0 |      16 |       0 |   0.0
        D:3 |      38 |       0 |   0.0 |      15 |       0 |   0.0
        D:6 |     110 |       0 |   0.0 |       5 |       0 |   0.0
        D:7 |       1 |       0 |   0.0 |       1 |       0 |   0.0
            +---------+---------+-------+---------+---------+-------

Skill      XL: |  1  2 |
---------------+-------+-----
Fighting       | 1 |  1.7
Dodging        | 2 |  2.3
Unarmed Combat | 3 |  3.5
Shapeshifting  | 3 |  3.4

Action                     |  1- 3 |  4- 6 || total
---------------------------+-------+-------++-------
  Melee: Unarmed           |   128 |    47 ||   175
         Punch             |     2 |     2 ||     4
    Use: Scroll            |     5 |     3 ||     8
         Potion            |       |     5 ||     5
 Armour: Animal skin       |    11 |       ||    11
         Robe              |    53 |    38 ||    91
         Skin              |       |    12 ||    12
  Dodge: Dodged            |    65 |    34 ||    99
   Form: Flux              |       |     1 ||     1

Illustrated notes

Table legend:
 A = Kills in this place as a percentage of kills in the entire game.
 B = Kills by you in this place as a percentage of kills by you in the entire game.
 C = Kills by friends in this place as a percentage of kills by friends in the entire game.
 D = Other kills in this place as a percentage of other kills in the entire game.
 E = Experience gained in this place as a percentage of experience gained in the entire game.
 F = Experience gained in this place divided by the number of levels of this place that you have seen.
                   A       B       C       D       E      F
               +-------+-------+-------+-------+-------+----------------------
         Total | 100.0 | 100.0 |   N/A |   N/A | 100.0 |  49.4
       Dungeon | 100.0 | 100.0 |   N/A |   N/A | 100.0 |  49.4
               +-------+-------+-------+-------+-------+----------------------

Table legend: (Time is in decaauts)
 A = Elapsed time spent in this place.
 B = Non-inter-level travel time spent in this place.
 C = Inter-level travel time spent in this place.
 D = Time resting spent in this place.
 E = Time spent auto-exploring this place.
 F = Levels seen in this place.
 G = Mean time per level.
                   A        B        C        D        E       F      G
               +--------+--------+--------+--------+--------+-----+--------+
         Total |   2436 |   2367 |     69 |    169 |   1809 |   5 |  487.2 |
       Dungeon |   2436 |   2367 |     69 |    169 |   1809 |   5 |  487.2 |
               +--------+--------+--------+--------+--------+-----+--------+

Top non-repeatable levels by time:
     D:2: 1038 daAuts
     D:1: 698 daAuts
     D:3: 505 daAuts
     D:6: 154 daAuts
     D:7: 40 daAuts
